 Dungeon Crawl Stone Soup version 0.31-a0-986-g5e6e4ef867 (webtiles) character file.

Game seed: 9699231261515845110

275 pokeman the Magician (level 6, -1/35 HPs)
             Began as a Deep Elf Hedge Wizard on Nov 11, 2023.
             Slain by Pikel
             ... wielding a +0 whip of flaming
              (2 damage)
             ... on level 4 of the Dungeon.
             The game lasted 00:04:44 (3297 turns).

pokeman the Magician (Deep Elf Hedge Wizard)        Turns: 3297, Time: 00:04:45

Health: -1/35      AC: 11    Str:  7    XL:     6   Next: 3%
Magic:  1/17       EV: 12    Int: 21    God:
Gold:   88         SH:  0    Dex: 14    Spells: 10/18 levels left

rFire   . . .        o - +7 hand axe of Uncomfortable Rashes {protect, rC++ Will+}
rCold   + + .        (no shield)
rNeg    . . .        b - +0 robe
rPois   .            p - +1 helmet
rElec   .            (no cloak)
rCorr   .            (no gloves)
SInv    .            (no boots)
Will    +....        (no amulet)
Stlth   ++           (no ring)
HPRegen 0.25/turn    (no ring)
MPRegen 0.15/turn

%: no passive effects
@: under a protective aura
A: no striking features
a: no special abilities


You were on level 4 of the Dungeon.
You visited 1 branch of the dungeon, and saw 4 of its levels.

You collected 88 gold pieces.

Inventory:

Hand Weapons
 c - a +1 short sword of venom
 o - the +7 hand axe of Uncomfortable Rashes (weapon) {protect, rC++ Will+}
   (You found it on level 2 of the Dungeon)

   rC++:      It greatly protects you from cold.
   Will+:     It increases your willpower.
Armour
 b - a +0 robe (worn)
 p - a +1 helmet (worn)
Jewellery
 k - a +6 ring of intelligence
Scrolls
 a - a scroll of immolation {unknown}
 f - 3 scrolls of identify {unknown}
 g - a scroll of torment {unknown}
 i - 2 scrolls of vulnerability {unknown}
 l - a scroll of teleportation {unknown}
 n - a scroll of enchant weapon {unknown}
Potions
 d - a potion of magic
 e - 2 potions of heal wounds {unknown}
 h - 2 potions of haste {unknown}
 j - a potion of attraction {unknown}
 m - a potion of curing {unknown}
 q - a potion of degeneration {unknown}


   Skills:
 - Level 2.0 Fighting
 + Level 1.9 Armour
 + Level 2.5 Dodging
 - Level 2.4 Stealth
 * Level 6.6 Spellcasting
 + Level 2.9 Conjurations
 - Level 1.1 Summonings
 - Level 1.1 Translocations


You had 10 spell levels left.
You knew the following spells:

 Your Spells              Type           Power      Damage    Failure   Level
a - Magic Dart            Conj           76%        1d6       2%          1
b - Mephitic Cloud        Conj/Pois/Air  11%        N/A       19%         3
c - Call Imp              Summ           22%        N/A       9%          2
d - Blink                 Tloc           22%        N/A       9%          2

Your spell library contained the following spells:

 Spells                   Type           Power      Damage    Failure   Level
 Sandblast                Erth           12%        2d6       10%         1
 Slow                     Hex            24%        N/A       10%         1
 Cigotuvi's Dreadful Rot  Necr/Pois/Air  12%        N/A       14%         2
 Passwall                 Tmut/Erth      5%         N/A       14%         2
 Stone Arrow              Conj/Erth      26%        3d8       16%         3
 Tukima's Dance           Hex            6%         N/A       28%         3
 Brom's Barrelling Bould  Conj/Erth      13%        2d4       45%         4
 Passage of Golubria      Tloc           11%        N/A       50%         4
 Yara's Violent Unravell  Hex/Tmut       3%         3d4       95%         5


Dungeon Overview and Level Annotations

Branches:
Dungeon (4/15)
 Temple: D:4-7

Altars:
Sif Muna

Annotations:
D:4 Pikel


Message History

You hit the dart slug.
Pikel seems less confused.
Pikel hits you but does no damage.
The dart slug bites you but does no damage.
Pikel hits you with a +0 whip of flaming.
Pikel burns you. Pikel completely misses you.
Casting: Mephitic Cloud (quite dangerous; 19% risk of failure)
Confirm with . or Enter, or press ? or * to list all spells.
Aiming: Mephitic Cloud (quite dangerous; 19% risk of failure)
Press: ? - help, Shift-Dir - straight line, f/p - Pikel
Aim: Pikel, wielding a +0 whip of flaming and wearing a +0 robe (severely wounded, chance to affect: 72%)
The ball explodes into a vile cloud!
The stinking cloud engulfs Pikel but does no damage.
Pikel is severely wounded.
The stinking cloud engulfs you but does no damage.
The stinking cloud engulfs the lemure but does no damage.
The lemure is heavily wounded.
You are engulfed in noxious fumes.
The lemure is engulfed in noxious fumes.
The lemure appears confused.
The lemure hits you.
Pikel is engulfed in noxious fumes.
Pikel appears confused.
Pikel hits you with a +0 whip of flaming.
* * * LOW HITPOINT WARNING * * *
Pikel burns you.
* * * LOW HITPOINT WARNING * * *
Unknown command.
The lemure is engulfed in noxious fumes.
The lemure appears confused.
Pikel is engulfed in noxious fumes.
Pikel appears confused.
Unknown command.
You completely miss Pikel.
Pikel is severely wounded.
You hit the lemure.
Your weapon exudes an aura of protection.
The lemure is engulfed in noxious fumes.
Pikel is engulfed in noxious fumes.
Pikel hits you with a +0 whip of flaming.
* * * LOW HITPOINT WARNING * * *
Pikel burns you.
You die...

##.# #.### ##...#
##....# ##.5..##
##.#w..# ###
#.##5°.####
#..###.#☼°○......
+...#.#@K........
#.....####..###
##....## #.#
#....## .#
#..#....# ..
....##....## #
#..# ##....# ...
#.<..# ..
##......(.


You could see Pikel (confused), a lemure (confused) and a dart slug.

Vanquished Creatures
  Sigmund (D:2)
  2 lemures (D:4)
  2 orc wizards (D:3)
  An adder (D:2)
  A worm (D:3)
  2 dart slugs (D:1)
  5 orcs (D:3)
  2 bats (D:2)
  An endoplasm (D:1)
  A giant cockroach (D:3)
  2 goblins
  6 hobgoblins
  4 jackals (D:2)
  6 kobolds
  4 quokkas
  2 ball pythons
  4 frilled lizards
  4 rats
50 creatures vanquished.

Notes
Turn   | Place    | Note
-------+----------+-------------------------------------------
     0 | D:1      | pokeman the Deep Elf Hedge Wizard began the quest for the
                  | Orb.
     0 | D:1      | Reached XP level 1. HP: 10/10 MP: 7/7
   195 | D:1      | Reached XP level 2. HP: 15/15 MP: 3/9
   944 | D:1      | Reached skill level 5 in Spellcasting
  1245 | D:2      | Reached XP level 3. HP: 20/20 MP: 8/11
  1249 | D:2      | Learned a level 3 spell: Mephitic Cloud
  1252 | D:2      | Learned a level 2 spell: Call Imp
  1255 | D:2      | Learned a level 2 spell: Blink
  1412 | D:2      | Identified the +7 hand axe of Uncomfortable Rashes
                  | {protect, rC++ Will+}
  1503 | D:2      | Noticed Sigmund
  1513 | D:2      | Killed Sigmund
  1514 | D:2      | Reached skill level 1 in Fighting
  1514 | D:2      | Reached skill level 1 in Armour
  1514 | D:2      | Reached skill level 6 in Spellcasting
  1514 | D:2      | Reached XP level 4. HP: 26/26 MP: 7/14
  1514 | D:2      | Reached XP level 5. HP: 30/30 MP: 7/15
  2143 | D:3      | Found a shimmering blue altar of Sif Muna.
  2503 | D:3      | Reached XP level 6. HP: 35/35 MP: 9/17
  3250 | D:4      | Noticed Pikel
  3297 | D:4      | HP: 1/35 [Pikel/+0 whip of flaming (6)]
  3297 | D:4      | Slain by Pikel

Illustrated notes

Levels and vault maps discovered:
D:1:      scummos_arrival_star, layout_loops_cross
D:2:      layout_basic, feat_on_display, uniq_sigmund
D:3:      layout_basic, mainiacjoe_overflow_six_doors_small
D:4:      layout_layer_cave, regret_index_temple_of_mockery,
          evilmike_ruin_ashenzari, uniq_pikel

Skill      XL: |  1  2  3  4  5 |
---------------+----------------+-----
Spellcasting   | 5 6 |  6.6
Fighting       | 1 2 |  2.0
Armour         | 1 |  1.9
Conjurations   | 2 |  2.9
Dodging        | |  2.5
Stealth        | |  2.4
Summonings     | |  1.1
Translocations | |  1.1

Action                     |  1- 3 |  4- 6 || total
---------------------------+-------+-------++-------
  Melee: Dagger            |     8 |       ||     8
         Hand axe          |     8 |    36 ||    44
         Punch             |       |     1 ||     1
   Cast: Magic Dart        |    72 |    51 ||   123
         Mephitic Cloud    |     1 |     9 ||    10
   Stab: Confused          |     1 |     6 ||     7
 Armour: Robe              |    11 |    42 ||    53
  Dodge: Dodged            |    10 |    30 ||    40

Table legend: (Time is in decaauts)
 A = Elapsed time spent in this place.
 B = Non-inter-level travel time spent in this place.
 C = Inter-level travel time spent in this place.
 D = Time resting spent in this place.
 E = Time spent auto-exploring this place.
 F = Levels seen in this place.
 G = Mean time per level.
                   A        B        C        D        E       F      G
               +--------+--------+--------+--------+--------+-----+--------+
         Total |   3308 |   3256 |     52 |      0 |   2872 |   4 |  827.0 |
       Dungeon |   3308 |   3256 |     52 |      0 |   2872 |   4 |  827.0 |
               +--------+--------+--------+--------+--------+-----+--------+

Top non-repeatable levels by time:
     D:1: 1177 daAuts
     D:3: 1175 daAuts
     D:2: 872 daAuts
     D:4: 84 daAuts
